[Event "ESTCC U50 2018"]
[Site "Walbrzych"]
[Date "2018.04.14"]
[Round "1"]
[White "Puroila, Sippo"]
[Black "Bowmer, Kevin"]
[Result "1/2-1/2"]
[ECO "A36"]
[WhiteElo "1838"]
[BlackElo "2064"]
[Annotator "NA"]
[PlyCount "72"]
[EventDate "2018.??.??"]
[EventCountry "POL"]
[SourceTitle "playchess.com"]
[Source "ChessBase"]
[SourceQuality "1"]
[WhiteTeam "Finland"]
[BlackTeam "England"]
[WhiteTeamCountry "FIN"]
[BlackTeamCountry "ENG"]
[TimeControl "40/5400+30:1800+30"]

1. c4 g6 2. Nc3 Bg7 3. g3 c5 4. Bg2 Nc6 5. e4 d6 6. Nge2 Nf6 7. d3 O-O 8. h3 Ne8 9. O-O {[%emt 0:00:10] A36: Symmetrical English vs ...g6: 4 Bg2 Bg7} Nc7 10. f4 Ne6 11. Rb1 a6 $146 ({Predecessor:} 11... Ned4 12. b3 e6 13. Bb2 a6 14. Kh2 Rb8 15. Qd2 Qa5 16. Rbe1 b5 {1-0 (54) Barbosa,O (2518)-Song,M (2340) Las Vegas 2015}) 12. a3 Rb8 13. f5 Ned4 14. g4 e6 15. Ng3 Re8 16. fxe6 fxe6 17. Be3 Be5 18. Bf4 Rf8 19. Bxe5 Nxe5 20. Rxf8+ (20. Nce2 $17) 20... Qxf8 21. Nce2 Qh6 22. Nf1 Ndf3+ 23. Bxf3 Nxf3+ 24. Kg2 Nd4 25. Nxd4 cxd4 26. Qd2 Qxd2+ 27. Nxd2 Bd7 28. Rf1 Rf8 29. Rxf8+ Kxf8 30. g5 Ke7 31. Nb3 e5 32. Nd2 a5 33. b3 b5 34. h4 $11 a4 35. b4 bxc4 36. dxc4 Bg4 1/2-1/2

[Event "ESTCC U50 2018"]
[Site "Walbrzych"]
[Date "2018.04.14"]
[Round "1"]
[White "Webster, Jim J"]
[Black "Van de Wynkele, Herman"]
[Result "0-1"]
[ECO "A40"]
[WhiteElo "1769"]
[BlackElo "2048"]
[Annotator "NA"]
[PlyCount "94"]
[EventDate "2018.??.??"]
[EventCountry "POL"]
[SourceTitle "playchess.com"]
[Source "ChessBase"]
[SourceQuality "1"]
[WhiteTeam "Scotland"]
[BlackTeam "Belgium"]
[WhiteTeamCountry "SCO"]
[BlackTeamCountry "BEL"]
[TimeControl "40/5400+30:1800+30"]

1. d4 g6 2. c4 c5 3. d5 b5 4. cxb5 a6 5. b6 Bg7 6. Nc3 d6 7. e4 Nf6 8. Nf3 O-O 9. Be2 Nbd7 10. O-O Qxb6 11. Qc2 {[%emt 0:05:04] A57: Benko/Volga Gambit} (11. Nd2 Qc7 12. Nc4 Nb6 13. Bg5 Nxc4 14. Bxc4 Rb8 15. Qd2 Rb4 16. b3 Ng4 17. Rac1 f6 18. Bf4 f5 19. exf5 Rxf5 20. Ne4 {½-½ (47) Kunin,V (2537)-Antoniewski,R (2559) Austria 2012}) 11... Bb7 12. Bc4 $146 ({Predecessor:} 12. h3 Ne8 13. b3 Nc7 14. Bb2 e5 15. a4 Bc8 16. Nd2 Rb8 17. Rfb1 Ne8 18. Ba3 Qc7 {1-0 (36) Doric,D (2456)-Novak,D (2372) Sibenik 2009}) 12... a5 13. Rb1 Ba6 14. b3 Rfb8 15. Bd2 Qc7 16. Rfe1 Ng4 17. Bxa6 Rxa6 18. Ne2 Rb7 19. h3 Nge5 20. Nxe5 Bxe5 21. Rec1 Ra8 22. Qd3 Nb8 23. f4 Bg7 24. Rc4 Na6 25. Ra4 Qb6 26. Kh1 Nc7 27. Bc3 Qb5 28. Qd2 Qxa4 29. bxa4 $15 Rxb1+ 30. Kh2 Bxc3 31. Nxc3 Rb4 32. a3 Rb3 33. Qc2 Rb6 34. e5 Rab8 35. exd6 exd6 36. f5 Rb2 37. Qc1 Rf2 38. Ne4 Rxf5 39. Qc3 Nxd5 40. Qxa5 Ne3 41. Qc3 Nf1+ 42. Kg1 Rb1 43. Qd3 Re1 44. g4 Rf3 45. Qxf3 Nd2+ 46. Kg2 Nxf3 47. Kxf3 Ra1 0-1

[Event "ESTCC U50 2018"]
[Site "Walbrzych"]
[Date "2018.04.16"]
[Round "3"]
[White "Bowmer, Kevin"]
[Black "Lopez de Turiso, Jose Angel"]
[Result "1/2-1/2"]
[ECO "C10"]
[WhiteElo "2064"]
[BlackElo "2064"]
[Annotator "NA RC"]
[PlyCount "34"]
[EventDate "2018.??.??"]
[EventCountry "POL"]
[SourceTitle "playchess.com"]
[Source "ChessBase"]
[SourceQuality "1"]
[WhiteTeam "England"]
[BlackTeam "Spain"]
[WhiteTeamCountry "ENG"]
[BlackTeamCountry "ESP"]
[TimeControl "40/5400+30:1800+30"]

1. e4 e6 2. d4 d5 3. Nd2 dxe4 4. Nxe4 Nd7 5. Nf3 Ngf6 6. Nxf6+ Nxf6 7. c3 c5 8. Be3 {[%emt 0:01:56] LiveBook: 101 Games} Qc7 9. Ne5 Bd6 10. Nc4 Be7 11. dxc5 Bxc5 $11 12. Bxc5 Qxc5 13. Qd6 Qxd6 14. Nxd6+ Ke7 15. Nxc8+ Raxc8 16. Be2 Rhd8 17. Rd1 Rxd1+ 1/2-1/2

[Event "ESTCC U50 2018"]
[Site "Walbrzych"]
[Date "2018.04.16"]
[Round "3"]
[White "Van Herck, Marcel"]
[Black "Strzelecki, Jerzy"]
[Result "1/2-1/2"]
[ECO "B48"]
[WhiteElo "2061"]
[BlackElo "2038"]
[Annotator "NA RC"]
[PlyCount "97"]
[EventDate "2018.??.??"]
[EventCountry "POL"]
[SourceTitle "playchess.com"]
[Source "ChessBase"]
[SourceQuality "1"]
[WhiteTeam "Belgium"]
[BlackTeam "Poland"]
[WhiteTeamCountry "BEL"]
[BlackTeamCountry "POL"]
[TimeControl "40/5400+30:1800+30"]

1. e4 c5 2. Nf3 e6 3. d4 cxd4 4. Nxd4 Nc6 5. Nc3 Qc7 6. Be3 a6 7. Qf3 b5 8. Nxc6 Qxc6 9. Bd3 Bb7 {[%emt 0:00:48] LiveBook: 15 Games} 10. Qg3 Nf6 11. f3 d6 12. a3 Qc7 13. O-O g6 14. Rad1 e5 $16 (14... Be7 $11) 15. Rd2 Be7 16. Rfd1 O-O 17. Bxb5 Nh5 18. Qf2 axb5 19. Nxb5 Qc6 20. Nxd6 Rfd8 21. Nxb7 Qxb7 22. Rxd8+ Rxd8 23. Rxd8+ Bxd8 24. c4 Qb3 25. Qd2 Ba5 26. Qc1 Nf4 27. Bxf4 exf4 28. c5 Kf8 29. Kf1 Ke8 30. Ke2 Bc7 31. c6 g5 32. Kd2 Qe3+ 33. Kc2 Ke7 34. Qxe3 fxe3 35. b4 Kd6 36. b5 Kc5 37. a4 Bxh2 38. Kd3 Bf4 39. e5 Bxe5 40. Kxe3 f5 41. g4 fxg4 42. fxg4 Bc7 43. Ke4 Kb4 44. Kf5 Bd8 45. b6 Bxb6 46. Kxg5 Kxa4 47. Kh6 Kb5 48. Kxh7 Kxc6 49. g5 1/2-1/2

[Event "ESTCC U50 2018"]
[Site "Walbrzych"]
[Date "2018.04.16"]
[Round "3"]
[White "Czyz, Andrzej"]
[Black "Van de Wynkele, Herman"]
[Result "1/2-1/2"]
[ECO "A00"]
[WhiteElo "1999"]
[BlackElo "2048"]
[Annotator "NA RC"]
[PlyCount "166"]
[EventDate "2018.??.??"]
[EventCountry "POL"]
[SourceTitle "playchess.com"]
[Source "ChessBase"]
[SourceQuality "1"]
[WhiteTeam "Poland"]
[BlackTeam "Belgium"]
[WhiteTeamCountry "POL"]
[BlackTeamCountry "BEL"]
[TimeControl "40/5400+30:1800+30"]

1. b4 a5 2. b5 c5 3. a4 d5 4. e3 e5 5. Bb2 Nd7 6. d4 exd4 7. exd4 c4 8. Be2 Bd6 9. Ba3 Qe7 10. Bxd6 Qxd6 11. Bf3 Ne7 12. Ne2 O-O 13. O-O Nf6 14. Nbc3 b6 15. Re1 Re8 16. Ng3 Bd7 17. Re5 Be6 18. Qd2 Ng6 19. Rae1 Qd7 20. R5e2 Kf8 21. Nh5 Nxh5 22. Bxh5 $11 Qd6 23. g3 f6 24. Bf3 Bf7 25. h4 Rxe2 26. Rxe2 Re8 27. Rxe8+ Kxe8 28. Qe3+ Ne7 29. Kh2 Kf8 30. Kg2 Bg6 31. Qe2 Bf5 32. g4 Be6 33. Qe3 Ng6 34. h5 Nf4+ 35. Kf1 f5 36. g5 Bf7 37. Ke1 Bxh5 38. Kd2 Bf7 39. Bh1 Ng6 40. Qf3 Ne7 41. Qh3 h6 42. gxh6 Qxh6+ 43. Qxh6 gxh6 44. Ke3 Kg7 45. Kf4 Kf6 46. Kg3 Kg5 47. f4+ Kf6 48. Nd1 Ke6 49. Ne3 Kd6 50. c3 Be6 51. Bg2 Bf7 52. Bh3 Ke6 53. Bg2 Kf6 54. Bf3 Ke6 55. Bg2 Bh5 56. Bf1 Ng8 57. Bh3 Bg6 58. Bf1 Nf6 59. Bg2 Bh5 60. Kh4 Be2 61. Bh3 Bd3 62. Bg2 Be4 63. Bh3 Bd3 64. Bg2 Be2 65. Bh3 Bg4 66. Bxg4 Nxg4 67. Nxg4 fxg4 68. Kxg4 Kf6 69. Kh5 Kf5 70. Kxh6 Kxf4 71. Kg6 Ke4 72. Kf6 Kd3 73. Ke5 Kxc3 74. Kxd5 Kb4 75. Kc6 c3 76. Kxb6 c2 77. Ka7 c1=Q 78. b6 Qc4 79. b7 Qxd4+ 80. Ka8 Qd5 81. Ka7 Qxb7+ 82. Kxb7 Kxa4 83. Kb6 Kb4 1/2-1/2

[Event "ESTCC U50 2018"]
[Site "Walbrzych"]
[Date "2018.04.16"]
[Round "3"]
[White "Pietinen, Pekka"]
[Black "Laszewicz, Pawel"]
[Result "0-1"]
[ECO "C67"]
[WhiteElo "1983"]
[BlackElo "2110"]
[Annotator "NA"]
[PlyCount "48"]
[EventDate "2018.??.??"]
[EventCountry "POL"]
[SourceTitle "playchess.com"]
[Source "ChessBase"]
[SourceQuality "1"]
[WhiteTeam "Finland"]
[BlackTeam "Poland"]
[WhiteTeamCountry "FIN"]
[BlackTeamCountry "POL"]
[TimeControl "40/5400+30:1800+30"]

1. e4 e5 2. Nf3 Nc6 3. Bb5 Nf6 4. O-O Nxe4 5. Re1 Nd6 6. Nxe5 Nxe5 7. Rxe5+ Be7 8. Bf1 O-O 9. Nc3 Bf6 10. Re1 c6 11. d3 Nf5 12. Ne4 Be7 13. Bf4 d5 14. Ng3 Nh4 15. Ne2 Ng6 16. Bg3 Qb6 17. Nf4 Bc5 18. Nxg6 fxg6 19. Rb1 Bxf2+ 20. Bxf2 Qxf2+ 21. Kh1 Bd7 22. Re2 Qf6 23. Rd2 Qg5 24. d4 Rxf1+ 0-1

[Event "ESTCC U50 2018"]
[Site "Walbrzych"]
[Date "2018.04.16"]
[Round "3"]
[White "Ciuro Munoz, Ricardo"]
[Black "Reuben, Stewart"]
[Result "1/2-1/2"]
[ECO "B30"]
[WhiteElo "1972"]
[BlackElo "2026"]
[Annotator "NA RC"]
[PlyCount "160"]
[EventDate "2018.??.??"]
[EventCountry "POL"]
[SourceTitle "playchess.com"]
[Source "ChessBase"]
[SourceQuality "1"]
[WhiteTeam "Spain"]
[BlackTeam "England"]
[WhiteTeamCountry "ESP"]
[BlackTeamCountry "ENG"]
[TimeControl "40/5400+30:1800+30"]

1. e4 c5 2. Nf3 Nc6 3. d3 g6 4. g3 Bg7 5. Bg2 e6 6. O-O Nge7 7. Nbd2 O-O 8. a4 {A04: Unusual lines after 1 Nf3 and King's Indian Attack} d5 9. exd5 $146 ({Predecessor:} 9. Re1 b6 10. c3 Ba6 11. exd5 exd5 12. d4 cxd4 13. Nxd4 Nxd4 14. cxd4 Bxd4 {½-½ (29) Levitt,M (2290)-Psakhis,L (2590) Yerevan 1996}) 9... exd5 10. Re1 Nf5 11. Nb3 b6 12. Bg5 Bf6 13. Bxf6 Qxf6 14. c3 Be6 15. d4 c4 16. Nbd2 Rac8 17. Qe2 Rfe8 18. Ne5 Nxe5 19. Qxe5 Kg7 20. Qxf6+ Kxf6 21. Re5 Ne7 22. Rae1 Nc6 23. R5e3 Ne7 24. Nf3 Rb8 25. h4 h6 26. Ne5 b5 27. axb5 Rxb5 28. Ra1 a5 29. Re2 Reb8 30. Ra2 a4 31. Bf3 Ra5 32. Bg4 Rb6 33. Bxe6 Rxe6 34. Nd7+ Kf5 35. Rxe6 fxe6 36. Nc5 e5 37. Nb7 Ra7 38. Nd6+ Ke6 39. dxe5 Kxe5 40. Nb5 Ra5 41. Nd4 Kd6 42. f4 Nc6 43. Nc2 Kc5 44. Kf2 d4 45. cxd4+ Nxd4 46. Nxd4 Kxd4 47. Kf3 c3 48. bxc3+ Kxc3 49. g4 a3 50. Ke4 Kb3 51. Rf2 a2 52. Rf1 a1=Q 53. Rxa1 Rxa1 54. f5 gxf5+ 55. Kxf5 Kc4 56. g5 hxg5 57. hxg5 Kd5 58. Kf6 Rf1+ 59. Ke7 Ke5 60. g6 Rb1 61. g7 Rb7+ 62. Kf8 Kf6 63. g8=N+ Ke6 64. Nh6 Rh7 65. Ng8 Rf7+ 66. Ke8 Ra7 67. Kf8 $1 Kf5 68. Ne7+ Kf6 69. Ng8+ Ke6 70. Nh6 Rb7 71. Ng8 Rh7 72. Ke8 Rc7 73. Kf8 $1 Kf5 74. Ne7+ Ke6 75. Ng8 Rf7+ 76. Ke8 Ra7 77. Kf8 Kf5 78. Ne7+ Ke6 79. Ng8 $15 Rb7 80. Nh6 Rb5 1/2-1/2

[Event "ESTCC U50 2018"]
[Site "Walbrzych"]
[Date "2018.04.16"]
[Round "3"]
[White "Szmyd, Marek"]
[Black "Puroila, Sippo"]
[Result "1-0"]
[ECO "A01"]
[WhiteElo "1898"]
[BlackElo "1838"]
[Annotator "NA RC"]
[PlyCount "77"]
[EventDate "2018.??.??"]
[EventCountry "POL"]
[SourceTitle "playchess.com"]
[Source "ChessBase"]
[SourceQuality "1"]
[WhiteTeam "Poland"]
[BlackTeam "Finland"]
[WhiteTeamCountry "POL"]
[BlackTeamCountry "FIN"]
[TimeControl "40/5400+30:1800+30"]

1. b3 d5 2. Bb2 Bf5 3. e3 Nc6 4. Nf3 Qd6 5. Bb5 a6 6. Bxc6+ bxc6 7. O-O Nf6 8. h3 h5 9. Re1 h4 10. d3 Nd7 11. e4 dxe4 12. Nd4 Bg6 13. dxe4 e5 14. Nf3 Qxd1 15. Rxd1 Bxe4 16. Nxe5 Nxe5 17. Bxe5 Bxc2 18. Rd2 Bf5 19. Nc3 Rd8 20. Rad1 Rxd2 21. Rxd2 Bb4 22. Bxg7 Rg8 23. Bf6 Bd6 24. Kf1 Kd7 25. Bxh4 Kc8 26. g4 Bg6 27. Bf6 Bf4 28. Rd4 Bd6 29. Ne4 Ba3 30. Ra4 c5 31. f3 Bb4 32. a3 Bxe4 33. fxe4 Bd2 34. Rc4 Re8 35. Ke2 Re6 36. g5 Bf4 37. Kf3 Be5 38. Bxe5 Rh6 39. gxh6 1-0

[Event "ESTCC U50 2018"]
[Site "Walbrzych"]
[Date "2018.04.16"]
[Round "3"]
[White "Jones, Gareth"]
[Black "Ruiz Bellon, Manuel"]
[Result "1-0"]
[ECO "D78"]
[WhiteElo "1858"]
[BlackElo "1861"]
[Annotator "NA RC"]
[PlyCount "57"]
[EventDate "2018.??.??"]
[EventCountry "POL"]
[SourceTitle "playchess.com"]
[Source "ChessBase"]
[SourceQuality "1"]
[WhiteTeam "England"]
[BlackTeam "Spain"]
[WhiteTeamCountry "ENG"]
[BlackTeamCountry "ESP"]
[TimeControl "40/5400+30:1800+30"]

1. Nf3 g6 2. g3 Bg7 3. d4 d5 4. Bg2 Nf6 5. O-O O-O 6. c4 c6 7. b3 Bg4 8. Nbd2 Qc8 9. Ba3 Re8 10. Rc1 Qe6 11. Re1 Bh6 12. Ne5 Bh3 13. Bf3 Nbd7 14. Nxd7 Qxd7 15. e3 e5 16. dxe5 Rxe5 17. Bb2 Rf5 18. g4 Nxg4 19. Ne4 dxe4 20. Qxd7 exf3 21. Qd4 f6 22. Rc2 Rg5 23. Kh1 Bg2+ 24. Kg1 Rf8 25. h4 Nxf2 26. hxg5 Nh3+ 27. Kh2 Nxg5 28. Rxg2 fxg2 29. Kxg2 1-0

[Event "ESTCC U50 2018"]
[Site "Walbrzych"]
[Date "2018.04.16"]
[Round "3"]
[White "Sidler, Samuel"]
[Black "Webster, Jim J"]
[Result "1-0"]
[ECO "B32"]
[WhiteElo "1833"]
[BlackElo "1769"]
[Annotator "NA RC"]
[PlyCount "38"]
[EventDate "2018.??.??"]
[EventCountry "POL"]
[SourceTitle "playchess.com"]
[Source "ChessBase"]
[SourceQuality "1"]
[WhiteTeam "Switzerland"]
[BlackTeam "Scotland"]
[WhiteTeamCountry "SUI"]
[BlackTeamCountry "SCO"]
[TimeControl "40/5400+30:1800+30"]

1. e4 c5 2. Nf3 Nc6 3. d4 cxd4 4. c3 d3 5. Bxd3 g6 6. O-O Bg7 7. Qe2 d6 8. h3 Nf6 9. Bf4 Nd7 10. Nbd2 O-O 11. Rad1 Nc5 12. Bb1 Be6 13. Nc4 Qc8 14. Nxd6 exd6 15. Bxd6 Rd8 16. Bxc5 Rxd1 17. Rxd1 Ne5 18. Bd4 Qe8 19. Nxe5 Bc8 1-0

[Event "ESTCC U50 2018"]
[Site "Walbrzych"]
[Date "2018.04.16"]
[Round "3"]
[White "Aird, Ian"]
[Black "Germann, Martin"]
[Result "1-0"]
[ECO "A15"]
[WhiteElo "1785"]
[BlackElo "1755"]
[Annotator "NA RC"]
[PlyCount "119"]
[EventDate "2018.??.??"]
[EventCountry "POL"]
[SourceTitle "playchess.com"]
[Source "ChessBase"]
[SourceQuality "1"]
[WhiteTeam "Scotland"]
[BlackTeam "Switzerland"]
[WhiteTeamCountry "SCO"]
[BlackTeamCountry "SUI"]
[TimeControl "40/5400+30:1800+30"]

1. c4 Nf6 2. Nf3 d6 3. Nc3 g6 4. d4 Bg7 5. Bf4 O-O 6. e3 Re8 7. Be2 Nbd7 8. h3 b6 9. O-O Bb7 10. Bh2 Rc8 11. Qc2 e5 12. Rad1 e4 13. Nd2 Qe7 14. b4 Ra8 15. Nb5 Nf8 16. c5 Rec8 17. a4 dxc5 18. dxc5 Bd5 19. Nc3 bxc5 20. Nxd5 Nxd5 21. Qxe4 Qxe4 22. Nxe4 Nxb4 23. Nxc5 Na2 24. Bf3 Rab8 25. Na6 Rb2 26. Nxc7 Nc3 27. Nd5 Nxd1 28. Ne7+ Kh8 29. Nxc8 Nc3 30. a5 a6 31. Nd6 Kg8 32. Ne4 Nb5 33. Nd6 Nc3 34. g4 Ra2 35. Ne8 Rxa5 36. Rc1 Nb5 37. Nxg7 Kxg7 38. Rc6 Na7 39. Rb6 Ne6 40. Be2 Nc8 41. Rxa6 Rxa6 42. Bxa6 Ne7 43. Bc4 Ng5 44. Kg2 f6 45. Bd6 Ng8 46. f3 Nf7 47. Bc7 Ne7 48. f4 Ng8 49. Kf3 Ne7 50. e4 h6 51. Ke3 Ng8 52. Kd4 Ne7 53. Bd5 Kf8 54. Kc5 Kg7 55. Be6 Kf8 56. Bd6 Ke8 57. Bxe7 Kxe7 58. Bxf7 Kxf7 59. Kd6 g5 60. f5 1-0

[Event "ESTCC U50 2018"]
[Site "Walbrzych"]
[Date "2018.04.16"]
[Round "3"]
[White "Szydelko, Kazimierz"]
[Black "Green, Michael L"]
[Result "0-1"]
[ECO "E10"]
[WhiteElo "1689"]
[BlackElo "2069"]
[Annotator "NA RC"]
[PlyCount "162"]
[EventDate "2018.??.??"]
[EventCountry "POL"]
[SourceTitle "playchess.com"]
[Source "ChessBase"]
[SourceQuality "1"]
[WhiteTeam "Poland"]
[BlackTeam "Scotland"]
[WhiteTeamCountry "POL"]
[BlackTeamCountry "SCO"]
[TimeControl "40/5400+30:1800+30"]

1. d4 Nf6 2. c4 e6 3. Nf3 d6 4. Nc3 {[%emt 0:00:09] E10: Blumenfeld Gambit} c6 (4... Nbd7 5. g3 e5 6. Bg2 Be7 7. O-O O-O 8. b3 c6 9. e4 a6 10. Re1 b5 11. d5 cxd5 12. cxd5 {½-½ (64) Garcia Cuenca,V (2339)-Longa Yauca,J (2353) Madrid 2016}) 5. e4 Be7 6. Be2 Na6 7. O-O $146 ({Predecessor:} 7. Be3 Qa5 8. O-O Ng4 9. Bd2 e5 10. Nd5 Qd8 11. Nxe7 Qxe7 12. Bg5 f6 13. Bc1 {0-1 (48) Friedland,E (1900)-Novotny,J (2074) Pardubice 2017}) 7... Nc7 8. Bg5 Nd7 9. Bf4 a6 10. a4 O-O 11. Qc2 f5 12. e5 d5 13. Rac1 dxc4 14. Bxc4 Nd5 15. Bxd5 cxd5 16. Bd2 Nb6 17. b3 Bd7 18. Ne2 Rc8 19. Qb2 Na8 20. Rxc8 Qxc8 21. Rc1 Qe8 22. Rc2 b5 23. a5 Qb8 24. b4 Rc8 25. Bc3 Rc4 26. Nd2 Rc7 $14 27. f4 Qc8 28. Nc1 g5 29. g3 Rc6 30. Nd3 Nc7 31. Nc5 Ne8 32. Ndb3 Ng7 33. Qc1 g4 34. h3 h5 35. hxg4 hxg4 36. Rh2 Be8 37. Kg2 Bg6 38. Qh1 Kf7 39. Rh8 Bf8 40. Nd2 Qc7 41. Nf1 Ke8 42. Ne3 Qf7 43. Rh2 Qc7 44. Kf2 Qf7 45. Bd2 Kd8 46. Ng2 Bh5 47. Qf1 Qa7 48. Ne3 Ke8 49. Qd3 Kf7 50. Rxh5 Nxh5 51. Nxf5 Ke8 52. Ne3 Bxc5 53. dxc5 Qg7 54. Qe2 Qg6 55. Qxg4 Qxg4 56. Nxg4 Kf7 57. Kf3 Rc8 58. Ne3 Ng7 59. g4 Rh8 60. f5 d4 61. Nc2 exf5 62. Nxd4 Rh3+ 63. Kf4 fxg4 64. c6 Ke8 65. Be3 Kd8 66. Ke4 g3 67. Kd5 g2 68. Bg1 Ne8 69. Kc5 Rh5 70. Kb6 Rxe5 71. Kxa6 Nc7+ 72. Kb7 Re7 73. Kb6 Re5 74. a6 Kc8 75. a7 Na8+ 76. Ka5 Nc7 77. Nf3 Rf5 78. Nd4 Rf1 79. Nxb5 Rxg1 80. Nxc7 Kxc7 81. b5 Ra1+ 0-1

[Event "ESTCC U50 2018"]
[Site "Walbrzych"]
[Date "2018.04.16"]
[Round "3"]
[White "Telenius, Kimmo"]
[Black "Daleczko, Zbigniew"]
[Result "1-0"]
[ECO "B32"]
[WhiteElo "1603"]
[BlackElo "1835"]
[Annotator "NA RC"]
[PlyCount "129"]
[EventDate "2018.??.??"]
[EventCountry "POL"]
[SourceTitle "playchess.com"]
[Source "ChessBase"]
[SourceQuality "1"]
[WhiteTeam "Finland"]
[BlackTeam "Poland"]
[WhiteTeamCountry "FIN"]
[BlackTeamCountry "POL"]
[TimeControl "40/5400+30:1800+30"]

1. e4 c5 2. Nf3 Nc6 3. d4 cxd4 4. Nxd4 g6 5. c3 Bg7 6. g3 Qb6 7. Nxc6 bxc6 8. Na3 Ba6 9. Nc4 Bxc4 10. Bxc4 Nf6 11. Qe2 O-O 12. O-O d5 13. Be3 Qc7 14. exd5 cxd5 15. Bb3 e6 16. Rac1 Qb7 17. Rc2 Nd7 18. h4 h5 19. Rd2 Ne5 20. Bd4 Nc6 21. Bxg7 Kxg7 22. g4 hxg4 23. Qxg4 Rh8 24. f4 Na5 25. Bd1 Nc4 26. Re2 Qb6+ 27. Ref2 Ne3 28. Qh3 Nxf1 29. Kxf1 Qa6+ 30. Ke1 Qc4 31. b3 Qe4+ 32. Kf1 Rh6 33. Bc2 Rxh4 34. Qxh4 Qe3 35. Rh2 Qc1+ 36. Qe1 Qxf4+ 37. Rf2 Qd6 38. Qe3 Rh8 39. Qf3 f5 40. Bd1 e5 41. Rg2 e4 42. Qe3 Rh1+ 43. Rg1 Rh2 44. a4 f4 45. Qd4+ Qf6 46. Qxa7+ Kh6 47. Qd4 Qxd4 48. cxd4 f3 49. Bxf3 exf3 50. Rg3 Rd2 51. Rxf3 Rxd4 52. a5 g5 53. a6 Rd1+ 54. Kg2 Ra1 55. Rf6+ Kh5 56. b4 d4 57. b5 Kg4 58. Rf7 Ra2+ 59. Rf2 Ra5 60. Rb2 d3 61. b6 Rxa6 62. b7 d2 63. b8=Q d1=Q 64. Qc8+ Kh4 65. Qh3# {Kh5 Qc8} 1-0

[Event "ESTCC U50 2018"]
[Site "Walbrzych"]
[Date "2018.04.17"]
[Round "4"]
[White "Grabuzova, Tatiana"]
[Black "Garcia Palermo, Carlos"]
[Result "1-0"]
[ECO "A62"]
[WhiteElo "2311"]
[BlackElo "2404"]
[Annotator "NA"]
[PlyCount "77"]
[EventDate "2018.??.??"]
[EventCountry "POL"]
[SourceTitle "playchess.com"]
[Source "ChessBase"]
[SourceQuality "1"]
[WhiteTeam "Russia"]
[BlackTeam "Italy"]
[WhiteTeamCountry "RUS"]
[BlackTeamCountry "ITA"]
[TimeControl "40/5400+30:1800+30"]

1. d4 Nf6 2. c4 e6 3. g3 c5 4. d5 exd5 5. cxd5 d6 6. Nc3 g6 7. Bg2 Bg7 8. Nf3 O-O 9. O-O Re8 10. Re1 a6 11. a4 Nbd7 12. Bf4 {[%emt 0:12:06] LiveBook: 25 Games A63: Modern Benoni: Fianchetto Variation: 9...Nbd7} (12. h3 Rb8 13. Bf4 Qc7 14. a5 b5 15. axb6 Nxb6 16. Rc1 Ne4 17. Nxe4 Rxe4 18. b3 a5 19. Nd2 Rd4 20. e4 Ba6 21. Be3 Rb4 {0-1 (38) Xiong,J (2652)-Vachier Lagrave,M (2795) chess.com INT 2017}) 12... Nh5 13. Bg5 Qc7 14. Qd2 c4 $146 ({Predecessor:} 14... Rb8 15. Rac1 Ne5 16. Nxe5 Bxe5 17. e4 Bg7 18. h3 b5 19. axb5 axb5 {1-0 (28) Nedilko,V (2383)-Simantsev,M (2486) Lutsk 2018}) 15. g4 Nhf6 16. Qf4 Rb8 17. Nd2 (17. h3 $14) 17... b5 18. axb5 axb5 19. Rac1 h5 20. h3 hxg4 21. hxg4 {[%emt 0:00:03] [#]} Nh7 $17 22. Nf3 Nc5 23. Bh6 b4 24. Bxg7 Kxg7 25. Qxc4 Qb6 26. Nd1 Re4 27. Qc2 Rxg4 28. Ne3 Rf4 29. Nc4 Qd8 30. Nxd6 Qxd6 31. Qxc5 Qf6 32. Qc7 Ra8 33. Qc6 Qxc6 34. dxc6 Nf8 35. e3 Rg4 36. Ne5 Rh4 37. Red1 Ne6 38. c7 Ra7 39. Rd8 1-0

[Event "ESTCC U50 2018"]
[Site "Walbrzych"]
[Date "2018.04.17"]
[Round "4"]
[White "Deleyn, Gunter"]
[Black "Wagner-Michel, Annett"]
[Result "1/2-1/2"]
[ECO "A00"]
[WhiteElo "2200"]
[BlackElo "2104"]
[Annotator "NA"]
[PlyCount "92"]
[EventDate "2018.??.??"]
[EventCountry "POL"]
[SourceTitle "playchess.com"]
[Source "ChessBase"]
[SourceQuality "1"]
[WhiteTeam "Belgium"]
[BlackTeam "Germany"]
[WhiteTeamCountry "BEL"]
[BlackTeamCountry "GER"]
[TimeControl "40/5400+30:1800+30"]

1. g3 e5 2. Bg2 Nf6 3. d3 d5 4. Nf3 Bd6 5. O-O O-O 6. Nc3 c6 7. e4 {[%emt 0:04:04] LiveBook: 106 Games} dxe4 8. Nxe4 Nxe4 9. dxe4 Qc7 {[%emt 0:01:47] A00: Irregular Openings} (9... Qe7 10. Nh4 g6 11. Qe2 Na6 12. Be3 Be6 13. Nf3 f6 14. Rfd1 Rfd8 15. c3 Nc7 16. b3 Bc5 17. h4 {½-½ (38) Jones,G (2575)-Howell,D (2611) Halifax 2010}) 10. Be3 $146 ({Predecessor:} 10. Nd2 Be6 11. Re1 Na6 12. a4 Rfd8 13. Bf1 Nc5 14. a5 Be7 15. Qf3 Bg5 16. Qc3 Qe7 17. f4 exf4 {0-1 (47) Vujadinovic,G (2367)-Bodiroga,P (2410) Sombor 2009}) 10... Bg4 11. Qd3 Be7 12. Qc3 Nd7 13. h3 Be6 14. Ng5 Bxg5 15. Bxg5 c5 16. Rfd1 f6 17. Be3 Rfd8 18. a4 a5 19. f4 $14 Rac8 20. Rd2 exf4 21. gxf4 b6 22. Rad1 Nb8 23. e5 Rxd2 24. Rxd2 fxe5 25. fxe5 Rd8 26. Bf4 Rxd2 27. Qxd2 Qd7 28. Qxd7 Nxd7 29. Kf2 Kf7 30. h4 h6 31. Ke3 g5 32. hxg5 hxg5 33. Bxg5 Nxe5 34. Ke4 Nd7 35. Bd8 Ke8 36. Bc7 Ke7 37. Ke3 Bf5 38. Kd2 Ke6 39. Kc3 Nf6 40. Bxb6 Nd5+ 41. Bxd5+ Kxd5 42. Bxa5 c4 43. Bb6 Be6 44. Kb4 Kc6 45. Bd8 Kb7 46. Kc5 Bf7 1/2-1/2

[Event "ESTCC U50 2018"]
[Site "Walbrzych"]
[Date "2018.04.17"]
[Round "4"]
[White "Burchardt, Brigitte"]
[Black "Rooze, Jan"]
[Result "0-1"]
[ECO "B40"]
[WhiteElo "2166"]
[BlackElo "2307"]
[Annotator "NA"]
[PlyCount "84"]
[EventDate "2018.??.??"]
[EventCountry "POL"]
[SourceTitle "playchess.com"]
[Source "ChessBase"]
[SourceQuality "1"]
[WhiteTeam "Germany"]
[BlackTeam "Belgium"]
[WhiteTeamCountry "GER"]
[BlackTeamCountry "BEL"]
[TimeControl "40/5400+30:1800+30"]

1. e4 c5 2. Nf3 e6 3. Nc3 Nc6 4. g3 d6 5. Bg2 Bd7 6. O-O Be7 7. b3 Nf6 $11 8. Bb2 a6 9. d3 Rc8 10. Ne2 Qc7 11. Re1 O-O 12. Nf4 Ng4 13. c3 Qb6 14. Qe2 Nge5 15. Nd2 Qa7 16. Kh1 b5 17. Red1 b4 18. cxb4 Nxb4 19. Nc4 Nbc6 20. Nh3 Nd4 21. Bxd4 cxd4 22. f4 Nc6 23. Nf2 Rfe8 24. Qd2 Qb8 25. Rf1 Na7 26. Nd1 Bc6 27. Qf2 Qb7 28. Ndb2 d5 29. Na5 Qb5 30. Nxc6 Nxc6 31. f5 Bf6 32. fxe6 fxe6 33. exd5 exd5 34. Qf5 Rcd8 35. Rae1 Re3 36. Rxe3 dxe3 37. Nd1 Nd4 38. Qg4 e2 39. Rxf6 e1=Q+ 40. Rf1 Qe5 41. Nc3 Qxd3 42. Nxd5 Qxf1+ 0-1